AoeStats
← 海峡

Arabia

505354781Analyzed
1v1 RM · 24d ago on Sep 9, 2026· 39m 40s· 2 players
Game mode
Random Map
Map size
Tiny (2 player)
Population
200
Speed
Normal
Resources
Standard
Victory
Conquest
Starting age
Dark Age
Ending age
Imperial Age
RankedLock teamsTeams togetherTeam positionsShared explorationLock speedFull tech treeHidden civsTurbo modeCheats
Victory
Defeat
🇨🇱 Romans · Chile
1625
+18
🇨🇳 Magyars · China
1669
-18
Alan_99
6:31 Loom
8:59 Feudal Age
9:40 Double-Bit Axe
21:30 Castle Age
20:03 Gold Mining
19:53 Horse Collar
20:09 Horse Collar
21:15 Bloodlines
21:21 Scale Barding Armor
23:47 Chain Barding Armor
25:42 Forging
26:04 Squires
27:12 Fletching
27:59 Husbandry
28:21 Devotion
28:16 Pikeman
30:55 Iron Casting
31:34 Wheelbarrow
31:01 Town Watch
34:54 Gold Shaft Mining
34:11 Stone Mining
35:47 Bow Saw
35:54 Scale Mail Armor
36:12 Bodkin Arrow
39:01 Imperial Age
37:16 Light Cavalry
40:16 Chain Mail Armor
40:04 Heavy Plow
40:40 Gold Shaft Mining
40:07 Town Patrol
40:23 Hand Cart
海峡
6:15 Loom
8:46 Feudal Age
10:58 Double-Bit Axe
13:48 Wheelbarrow
22:08 Castle Age
20:27 Stone Mining
20:33 Horse Collar
21:22 Bloodlines
21:12 Gold Mining
23:16 Bow Saw
26:26 Scale Barding Armor
32:43 Husbandry
38:20 Imperial Age
36:26 Heavy Plow
37:08 Corvinian Army
37:53 Chain Barding Armor
37:53 Hand Cart
38:20 Gold Shaft Mining
37:51 Fletching
39:17 Bodkin Arrow
39:45 Padded Archer Armor
Connection lost

Rejoining the realm…

Still unreachable

The connection could not be restored.

Session expired

The server has moved on; the page needs a fresh start.